 Dungeon Crawl Stone Soup version 0.18.1-50-g88ac8fd (webtiles) character file.

73798 Mesmaeker13 the Destroyer (level 15, -3/138 HPs)
             Began as a Demonspawn Conjurer on Oct 21, 2016.
             Was the Champion of Sif Muna.
             Slain by a ghost moth (4 damage)
             ... on level 1 of the Spider Nest on Oct 22, 2016.
             The game lasted 02:07:18 (31680 turns).

Mesmaeker13 the Destroyer (Demonspawn Conjurer)    Turns: 31680, Time: 02:07:20

Health: -3/138     AC: 18    Str: 10      XL:     15   Next: 5%
Magic:  0/29       EV: 14    Int: 25      God:    Sif Muna [******]
Gold:   420        SH:  0    Dex: 12 (13) Spells: 5 memorised, 7 levels left

rFire  + . .     SeeInvis .     K - +3 great sword (freeze)
rCold  . . .     Gourm    +     a - +2 robe {Archmagi}
rNeg   . . .     Faith    .     (shield currently unavailable)
rPois  +         Spirit   .     u - +0 helmet
rElec  .         Dismiss  .     F - +0 cloak
rCorr  .         Reflect  .     P - +2 pair of gloves
SustAt .         Harm     .     (boots unavailable)
MR     +....                    s - amulet of the gourmand
Stlth  +.........               e - +3 ring of intelligence
                                O - ring of poison resistance

@: lethally poisoned (-3 -> -89), somewhat resistant to hostile enchantments,
very unstealthy
A: hooves 3, rough black scales 2, agile 1, fire resistance 1, robust 2,
screaming 1, spiny 3, flame cloud immunity
a: Channel Energy, Forget Spell, Renounce Religion


You were on level 1 of the Spider Nest.
You worshipped Sif Muna.
Sif Muna was exalted by your worship.
You were not hungry.

You visited 5 branches of the dungeon, and saw 24 of its levels.

You collected 2543 gold pieces.
You spent 2123 gold pieces at shops.

Inventory:

Hand Weapons
 K - a +3 great sword of freezing (weapon)
Armour
 a - a +2 robe of the Archmagi (worn)
 k - a +1 robe of cold resistance
 l - a +0 buckler
 u - a +0 helmet (worn)
 F - a +0 cloak (worn)
 P - a +2 pair of gloves (worn)
Jewellery
 e - a +3 ring of intelligence (right hand)
 g - an uncursed amulet of regeneration
 h - an uncursed ring of stealth
 s - an amulet of the gourmand (around neck)
 O - a ring of poison resistance (left hand)
Wands
 Z - a wand of acid (4/15)
Scrolls
 i - 7 scrolls of teleportation
 o - 3 scrolls of blinking
 v - a scroll of enchant armour
 H - 8 scrolls of remove curse
 J - a scroll of magic mapping
 N - 3 scrolls of fear
 R - 3 scrolls of fog
Potions
 b - a potion of magic
 n - a potion of haste
 p - 4 potions of resistance
 q - 5 potions of curing
 x - a potion of heal wounds
 C - a potion of ambrosia
 D - a potion of brilliance
 I - 3 potions of flight
 M - a potion of cancellation
 S - 2 potions of agility
Miscellaneous
 B - a plain deck of summoning
Comestibles
 c - 6 bread rations


   Skills:
 - Level 10.0 Fighting
 + Level 9.9 Armour
 - Level 5.2 Dodging
 - Level 1.7 Stealth
 - Level 10.0 Spellcasting
 + Level 14.0 Conjurations
 - Level 6.0 Hexes
 - Level 8.0 Charms
 + Level 7.3 Summonings
 - Level 8.0 Invocations


You had 7 spell levels left.
You knew the following spells:

 Your Spells              Type           Power        Failure   Level  Hunger
b - Spellforged Servitor  Conj/Summ      #######...   58%         7    #######
d - Iskenderun's Mystic   Conj           #######.     1%          4    None
e - Iskenderun's Battles  Conj/Chrm      #######.     1%          5    ####...
f - Fulminant Prism       Conj/Hex       #######...   1%          4    None
g - Orb of Destruction    Conj           #######...   14%         7    #######


Dungeon Overview and Level Annotations

Branches:
Dungeon (12/15)            Temple (1/1) D:4            Lair (8/8) D:9
 Shoals (0/4) Lair:6       Spider (1/4) Lair:5        Slime (0/6) Lair:8
    Orc (2/2) D:9             Elf (0/3) Orc:2

Altars:
Ashenzari
Cheibriados
Dithmenos
Elyvilon
Fedhas
Gozag
Kikubaaqudgha
Makhleb
Nemelex Xobeh
Okawaru
Pakellas
Qazlal
Ru
Sif Muna
Trog
Vehumet
Xom
Yredelemnul
Zin
The Shining One
Jiyva

Shops:
D:6 [   D:8 ([:   D:9 (!*!   D:10 (   D:11 *   Orc:1 *   Orc:2 [:!?

Portals:
Hell: Lair:8

Annotations:
D:12 Frances
Lair:8 1 runed door, exclusion: oklob plant


Innate Abilities, Weirdness & Mutations

You have hooves in place of feet.
You are mostly covered in rough black scales (AC +7, Dex -2).
Your flesh is heat resistant.
You are very robust (+20% HP).
You are completely covered in sharp spines.
You are immune to clouds of flame.
You are agile. (Dex +2)
You occasionally shout uncontrollably at your foes.


Message History

You hit something. You kick something.
The jumping spider leaps!
The redback bites you but does no damage.
Something hits you!
* * * LOW HITPOINT WARNING * * *
Something hits you but does no damage.
Something stings you but does no damage.
The redback bites you.
* * * LOW HITPOINT WARNING * * *
You are lethally poisoned!
The redback poisons you! The redback bites you.
* * * LOW HITPOINT WARNING * * *
You are more poisoned.
The redback poisons you! The redback closely misses you.
The demonic crawler hits you but does no damage.
The demonic crawler closely misses you. x2
The redback is struck by your spines. The redback bites you!
* * * LOW HITPOINT WARNING * * *
You feel you are being watched by something.
Something hits you.
You die...

# ## ####
#≈#≈##..##
.≈#≈≈....<###
..≈≈≈..s.§≈≈#
##≈≈§s@s#≈≈≈≈#
.≈≈#s..s..≈≈≈≈≈..
....#.....#≈≈≈≈..
... #.....)≈.#≈≈≈
≈; ..##.....≈≈≈≈
s.. ..s....≈≈#
≈≈≈≈ ........
≈≈≈≈≈ ......#


You could see a demonic crawler, a jumping spider and 5 redbacks.

Vanquished Creatures
  An orc warlord (Orc:2)
  Snorg (Lair:5)
  Harold (Lair:4)
  Fannar (Lair:3)
  A hell beast (Lair:8)
  14 hydras
  A queen ant (Lair:4)
  8 death yaks
  Sonja (Lair:2)
  Nergalle (Lair:1)
  A hill giant (D:11)
  3 orc sorcerers (Orc:2)
  4 griffons
  2 orc knights
  An ugly thing (D:11)
  A cyclops (Orc:1)
  A wizard (Lair:8)
  An orb spider (Lair:5)
  A manticore (Lair:6)
  7 elephants
  5 black mambas
  22 spiny frogs
  An orange demon (Lair:8)
  6 komodo dragons
  3 rime drakes
  3 red devils (Lair:8)
  A hellwing (Lair:8)
  3 ice devils (Lair:8)
  2 trolls
  A boulder beetle (Lair:4)
  2 two-headed ogres
  23 blink frogs
  A shadow (D:11)
  A tarantella (Spider:1)
  A hog (D:7)
  35 yaks
  A wyvern (D:11)
  2 wraiths (D:11)
  A human (D:7)
  8 hippogriffs
  A steam dragon (D:11)
  4 wargs
  Menkaure (D:5)
  6 soldier ants
  3 hell hounds (Lair:8)
  20 water moccasins
  39 orc warriors
  4 ice beasts
  12 porcupines
  2 sky beasts (D:6)
  5 wolves (Lair:8)
  2 necrophages
  2 wasps
  An eye of draining (D:10)
  8 ogres
  20 centaurs
  19 crocodiles
  16 giant frogs
  2 big kobolds
  2 scorpions
  20 killer bees
  4 howler monkeys
  10 wights
  3 jellies
  11 crimson imps
  A centaur zombie (D:8)
  2 quasits
  8 hounds
  A centaur skeleton (D:7)
  23 orc priests
  18 orc wizards
  2 gnoll shamans
  A giant frog skeleton (D:4)
  9 iguanas
  2 hell rats (D:9)
  10 worker ants
  30 sheep
  A hound zombie (D:8)
  A hound skeleton (D:6)
  A worker ant zombie (D:8)
  Robin (D:3)
  8 adders
  10 gnolls
  A howler monkey skeleton (D:7)
  72 river rats
  6 shadow imps
  2 white imps (D:10)
  An ooze (D:2)
  An adder skeleton (D:5)
  6 worms
  A dart slug (D:1)
  3 giant geckos
  94 orcs
  2 ball pythons
  7 bats
  13 giant cockroaches
  13 goblins
  12 hobgoblins
  6 jackals
  6 quokkas
  A giant gecko zombie (D:5)
  9 giant newts
  14 kobolds
  A quokka zombie (D:8)
  5 rats
  A fungus (D:11)
  2 plants (Lair:6)
799 creatures vanquished.

Vanquished Creatures (others)
  An orc warrior (Orc:2)
  An orc (Orc:2)
  2 bushes
  45 fulminant prisms
  37 fungi
  19 plants
105 creatures vanquished.

Grand Total: 904 creatures vanquished

Notes
Turn   | Place    | Note
--------------------------------------------------------------
     0 | D:1      | Mesmaeker13 the Demonspawn Conjurer began the quest for the Orb.
     0 | D:1      | Reached XP level 1. HP: 13/13 MP: 3/3
  1045 | D:1      | Gained mutation: You are partially covered in sharp spines. [demonic ancestry]
  1045 | D:1      | Reached XP level 2. HP: 19/19 MP: 3/5
  1333 | D:1      | Gained mutation: You are mostly covered in sharp spines. [demonic ancestry]
  1333 | D:1      | Reached XP level 3. HP: 24/24 MP: 5/7
  1482 | D:2      | Learned a level 2 spell: Searing Ray
  1814 | D:2      | Reached XP level 4. HP: 30/30 MP: 3/9
  2419 | D:3      | Noticed Robin
  2480 | D:3      | Reached skill level 5 in Conjurations
  2501 | D:3      | Learned a level 3 spell: Dazzling Spray
  2531 | D:3      | Killed Robin
  2531 | D:3      | Gained mutation: You have large cloven feet. [demonic ancestry]
  2531 | D:3      | Reached XP level 5. HP: 35/35 MP: 3/10
  3307 | D:4      | Found a shadowy altar of Dithmenos.
  3307 | D:4      | Found a deep blue altar of Sif Muna.
  3311 | D:4      | Became a worshipper of Sif Muna the Loreminder
  3409 | D:4      | Noticed an ogre
  3418 | D:4      | Killed an ogre
  3418 | D:4      | Gained mutation: Your flesh is heat resistant. [demonic ancestry]
  3418 | D:4      | Reached XP level 6. HP: 24/41 MP: 5/13
  3615 | D:4      | Found a staircase to the Ecumenical Temple.
  3625 | Temple   | Entered the Ecumenical Temple
  3923 | D:5      | Entered Level 5 of the Dungeon
  3953 | D:5      | Reached skill level 6 in Conjurations
  4004 | D:5      | Reached skill level 5 in Spellcasting
  4004 | D:5      | Reached skill level 1 in Invocations
  4089 | D:5      | Reached skill level 1 in Hexes
  4089 | D:5      | Gained mutation: You have hoof-like feet. [demonic ancestry]
  4089 | D:5      | Reached XP level 7. HP: 46/46 MP: 14/14
  4148 | D:5      | Reached * piety under Sif Muna
  4228 | D:5      | Found a burning altar of Makhleb.
  4417 | D:5      | Noticed Menkaure
  4425 | D:5      | Killed Menkaure
  4828 | D:6      | Gained mutation: You are completely covered in sharp spines. [demonic ancestry]
  4828 | D:6      | Reached XP level 8. HP: 52/52 MP: 16/16
  4865 | D:6      | Found Inyawnul's Armour Shoppe.
  4872 | D:6      | Bought a +0 cloak for 63 gold pieces
  4976 | D:6      | Reached skill level 7 in Conjurations
  5183 | D:6      | Reached ** piety under Sif Muna
  5282 | D:6      | Reached skill level 5 in Invocations
  5536 | D:6      | Found an ancient bone altar of Kikubaaqudgha.
  5811 | D:7      | Learned a level 4 spell: Iskenderun's Mystic Blast
  5989 | D:7      | Gained mutation: You are immune to clouds of flame. [demonic ancestry]
  5989 | D:7      | Reached XP level 9. HP: 57/57 MP: 11/18
  6250 | D:7      | Reached *** piety under Sif Muna
  6250 | D:7      | Reached skill level 8 in Conjurations
  6301 | D:7      | Reached skill level 5 in Hexes
  6917 | D:8      | Found Riulojosch's Weapon Shop.
  6931 | D:8      | Found a stormy altar of Qazlal.
  7177 | D:8      | Found Hosif's Book Shop.
  7208 | D:8      | Reached **** piety under Sif Muna
  7242 | D:8      | Found Garaw's Antique Armour Emporium.
  7254 | D:8      | Bought a pair of pitted boots for 209 gold pieces
  7265 | D:8      | Identified the +2 pair of boots of Claustrophobia {rCorr Slay+3} (You bought it in a shop on level 8 of the Dungeon)
  7288 | D:8      | Found a basalt altar of Yredelemnul.
  7292 | D:8      | Found Heuckeic's Book Emporium.
  7444 | D:8      | Found a burning altar of Makhleb.
  7454 | D:8      | Found a blossoming altar of Fedhas.
  7471 | D:8      | Learned a level 5 spell: Iskenderun's Battlesphere
  7476 | D:8      | Learned a level 4 spell: Fulminant Prism
  7568 | D:8      | Gained mutation: You are partially covered in rough black scales (AC +4, Dex -1). [demonic ancestry]
  7568 | D:8      | Reached XP level 10. HP: 63/63 MP: 19/21
  7616 | D:8      | Reached skill level 9 in Conjurations
  7634 | D:8      | Reached skill level 1 in Charms
  7867 | D:8      | Found a white marble altar of Elyvilon.
  7902 | D:9      | Found Lebeiwen's General Store.
  7904 | D:9      | Found Nyulolof's Distillery.
  7959 | D:9      | Bought the +0 leather armour of Wasted Space {Slay+3} for 280 gold pieces
  8014 | D:9      | Found Rojig's Antique Weapon Shop.
  8064 | D:9      | Reached ***** piety under Sif Muna
  8584 | D:9      | Found a staircase to the Lair.
  8591 | D:9      | Found a staircase to the Orcish Mines.
  8654 | D:9      | Found Yshraludgh's Distillery.
  8766 | D:10     | Entered Level 10 of the Dungeon
  8933 | D:10     | Reached skill level 10 in Conjurations
  9331 | D:10     | Found Pyodoz's Antique Weapon Shoppe.
  9554 | D:10     | Reached ****** piety under Sif Muna
  9589 | D:10     | Received a gift from Sif Muna
  9592 | D:10     | Identified Sif Muna's Compendium of Assistive Transmutation (Sif Muna gifted it to you on level 10 of the Dungeon)
  9708 | D:11     | Found a labyrinth entrance.
  9711 | D:11     | Noticed a seven-headed hydra
  9784 | D:10     | Killed a seven-headed hydra
  9784 | D:10     | Gained mutation: You are robust (+10% HP). [demonic ancestry]
  9784 | D:10     | Reached XP level 11. HP: 22/74 MP: 8/24
  9956 | D:11     | Reached skill level 5 in Charms
  9983 | D:11     | Noticed a hill giant
  9991 | D:11     | Killed a hill giant
  9991 | D:11     | Reached skill level 1 in Fighting
 10217 | D:11     | Noticed a white ugly thing
 10222 | D:11     | Killed a white ugly thing
 10547 | D:11     | Found Fuowumuv's General Store.
 10550 | D:11     | Bought a potion of brilliance for 56 gold pieces
 10550 | D:11     | Bought a scroll of identify for 28 gold pieces
 10953 | Lair:1   | Entered Level 1 of the Lair of Beasts
 11157 | Lair:1   | Noticed a four-headed hydra
 11164 | Lair:1   | Killed a four-headed hydra
 11394 | Lair:1   | Noticed Nergalle
 11405 | Lair:1   | Killed Nergalle
 12134 | Lair:2   | Reached skill level 5 in Fighting
 12155 | Lair:2   | Reached skill level 5 in Dodging
 12193 | Lair:2   | Noticed a six-headed hydra
 12326 | Lair:2   | Killed a six-headed hydra
 12450 | Lair:2   | Noticed Sonja
 12455 | Lair:2   | Killed Sonja
 12455 | Lair:2   | Reached skill level 1 in Armour
 12455 | Lair:2   | Gained mutation: You have hooves in place of feet. [demonic ancestry]
 12455 | Lair:2   | Reached XP level 12. HP: 67/94 MP: 14/25
 12673 | Lair:2   | Noticed an eight-headed hydra
 12679 | Lair:2   | Killed an eight-headed hydra
 13509 | Lair:3   | Noticed Fannar
 13863 | Lair:3   | Killed Fannar
 13863 | Lair:3   | Received a gift from Sif Muna
 14030 | Lair:3   | Identified Sif Muna's Compendium of Aerial Confrontation (Sif Muna gifted it to you on level 3 of the Lair of Beasts)
 14380 | Lair:3   | Noticed a seven-headed hydra
 14394 | Lair:3   | Killed a seven-headed hydra
 14527 | Lair:3   | Noticed a five-headed hydra
 14531 | Lair:3   | Killed a five-headed hydra
 14987 | Lair:3   | Noticed a four-headed hydra
 14998 | Lair:3   | Killed a four-headed hydra
 15610 | Lair:4   | Got a heavily runed chain mail
 15670 | Lair:4   | Reached skill level 11 in Conjurations
 15739 | Lair:4   | Noticed Harold
 16177 | Lair:4   | Noticed a queen ant
 16271 | Lair:4   | Reached skill level 10 in Spellcasting
 16339 | Lair:4   | Killed a queen ant
 16767 | Lair:4   | Killed Harold
 16767 | Lair:4   | Reached skill level 5 in Armour
 16767 | Lair:4   | Gained mutation: You are mostly covered in rough black scales (AC +7, Dex -2). [demonic ancestry]
 16767 | Lair:4   | Reached XP level 13. HP: 107/107 MP: 4/27
 16785 | Lair:4   | Identified the +1 chain mail "Gapno" {+Blink MR+ Str+2} (You found it on level 4 of the Lair of Beasts)
 17059 | Lair:5   | Noticed Snorg
 17104 | Lair:5   | Killed Snorg
 17692 | Lair:5   | Found a hole to the Spider Nest.
 18011 | Lair:6   | Found a staircase to the Shoals.
 18969 | Lair:6   | Reached skill level 12 in Conjurations
 19333 | Lair:6   | Received a gift from Sif Muna
 19336 | Lair:6   | Identified Sif Muna's Disquisition on Vitriolic Dislocation (Sif Muna gifted it to you on level 6 of the Lair of Beasts)
 19348 | Lair:6   | Learned a level 7 spell: Spellforged Servitor
 19769 | Lair:6   | Reached skill level 10 in Fighting
 20170 | Lair:7   | Reached skill level 1 in Summonings
 20567 | Lair:7   | You fall through a shaft!
 20567 | Lair:8   | Entered Level 8 of the Lair of Beasts
 20791 | Lair:8   | Reached XP level 14. HP: 97/121 MP: 19/28
 21993 | Lair:8   | Found a radiant altar of Vehumet.
 22095 | Lair:8   | Reached skill level 13 in Conjurations
 22823 | Lair:8   | Reached skill level 5 in Summonings
 22939 | Lair:8   | Found a burning altar of Makhleb.
 23433 | Lair:8   | Found a gateway to Hell.
 23525 | Lair:8   | Received a gift from Sif Muna
 23744 | Lair:8   | Found a runed door.
 23744 | Lair:8   | Found a viscous altar of Jiyva.
 23744 | Lair:8   | Noticed an acid blob
 23745 | Lair:8   | Found a staircase to the Slime Pits.
 23745 | Lair:8   | Noticed an acid blob
 23746 | Lair:8   | Noticed an acid blob
 24411 | D:12     | Noticed Frances
 24416 | D:12     | Gained mutation: You occasionally shout uncontrollably at your foes. [a neqoxec]
 24495 | Orc:1    | Entered Level 1 of the Orcish Mines
 25473 | Orc:1    | Found Loadghorgh's General Store.
 25478 | Orc:1    | Bought a potion of brilliance for 40 gold pieces
 25478 | Orc:1    | Bought a scroll of enchant armour for 75 gold pieces
 25644 | Orc:2    | Entered Level 2 of the Orcish Mines
 28598 | Orc:2    | Noticed an orc warlord
 30235 | Orc:2    | Found Otisogg's Magic Scroll Shop.
 30235 | Orc:2    | Found Reilupor's Distillery.
 30235 | Orc:2    | Found Medum's Book Shoppe.
 30235 | Orc:2    | Found Ufem's Armour Emporium.
 30237 | Orc:2    | Bought a scroll of identify for 22 gold pieces
 30237 | Orc:2    | Bought 3 scrolls of identify for 66 gold pieces
 30237 | Orc:2    | Bought a scroll of identify for 22 gold pieces
 30242 | Orc:2    | Bought a scroll of identify for 22 gold pieces
 30243 | Orc:2    | Gained mutation: You are agile. (Dex +2) [potion of beneficial mutation]
 30636 | Orc:2    | Bought a +2 robe of the Archmagi for 565 gold pieces
 30666 | Orc:2    | Killed an orc warlord
 30666 | Orc:2    | Reached skill level 14 in Conjurations
 30666 | Orc:2    | Gained mutation: You are very robust (+20% HP). [demonic ancestry]
 30666 | Orc:2    | Reached XP level 15. HP: 92/138 MP: 3/29
 31109 | Orc:2    | Found a staircase to the Elven Halls.
 31298 | Orc:2    | Bought a book of Power for 675 gold pieces
 31506 | Lair:1   | Learned a level 7 spell: Orb of Destruction
 31668 | Spider:1 | Entered Level 1 of the Spider Nest
 31680 | Spider:1 | HP: 1/138 [redback (12)]
 31680 | Spider:1 | Slain by a ghost moth

Skill      XL: |  1  2  3  4  5  6  7  8  9 10 11 12 13 14 |
---------------+-------------------------------------------+-----
Spellcasting   | 3 4 5 6 7 9 10 | 10.0
Conjurations   | 5 6 7 8 10 11 12 14 | 14.0
Invocations    | 1 4 5 8 |  8.0
Hexes          | 1 2 4 6 |  6.0
Charms         | 4 7 8 |  8.0
Fighting       | 5 8 10 | 10.0
Dodging        | 5 |  5.2
Armour         | 1 5 7 9 |  9.9
Summonings     | 2 7 |  7.3
Stealth        | |  1.7

Action                   |  1- 3 |  4- 6 |  7- 9 | 10-12 | 13-15 || total
-------------------------+-------+-------+-------+-------+-------++-------
Melee: Unarmed           |    11 |       |       |       |       ||    11
       Club              |    20 |       |       |       |       ||    20
       Mace              |    16 |    36 |       |       |       ||    52
       Staff             |       |    16 |    63 |       |       ||    79
       Dagger            |       |       |    79 |    32 |       ||   111
       Great sword       |       |       |       |   252 |   367 ||   619
       Kick              |       |       |       |    25 |    68 ||    93
 Cast: Magic Dart        |    38 |    19 |    20 |    82 |   211 ||   370
       Searing Ray       |     1 |     7 |    20 |    29 |       ||    57
       Dazzling Spray    |       |       |    14 |    49 |    97 ||   160
       Iskenderun's Myst |       |       |     1 |    14 |    30 ||    45
       Fulminant Prism   |       |       |       |     6 |    39 ||    45
       Iskenderun's Batt |       |       |       |    26 |    66 ||    92
Invok: Channel Energy    |       |       |       |       |     7 ||     7
Evoke: Wand              |       |       |       |     3 |     2 ||     5
  Use: Scroll            |       |     7 |     5 |    10 |    14 ||    36
       Potion            |       |       |       |     3 |    12 ||    15
 Stab: Sleeping          |     5 |     5 |     8 |     4 |     4 ||    26
       Invisible         |       |       |     3 |     3 |     8 ||    14
       Distracted        |       |       |       |     4 |       ||     4
  Eat: Chunk             |     3 |     7 |    12 |    35 |    55 ||   112
       Beef jerky        |       |       |       |     1 |       ||     1
       Bread ration      |       |       |       |     1 |       ||     1
       Meat ration       |       |       |       |       |     1 ||     1
Armor: Robe              |     9 |    17 |    49 |    10 |    34 ||   119
       Leather armour    |       |       |       |   133 |   226 ||   359
Dodge: Dodged            |    36 |    32 |    68 |   242 |   475 ||   853
